AoeStats
← Kestuvaffer

Arena

504436397Analyzed
1v1 RM · 25d ago on Sep 5, 2026· 42m 54s· 2 players
Game mode
Random Map
Map size
Tiny (2 player)
Population
200
Speed
Normal
Resources
Standard
Victory
Conquest
Starting age
Dark Age
Ending age
Imperial Age
RankedLock teamsTeams togetherTeam positionsShared explorationLock speedFull tech treeHidden civsTurbo modeCheats
Victory
Defeat
🇫🇷 Romans · France
938
+16
🇬🇧 Dravidians · United Kingdom
935
-16
pup11power
4:31 Loom
10:25 Feudal Age
11:09 Double-Bit Axe
11:09 Horse Collar
12:52 Wheelbarrow
12:45 Man-at-Arms
15:00 Scale Mail Armor
19:06 Castle Age
17:55 Forging
18:21 Stone Mining
18:57 Padded Archer Armor
20:02 Bow Saw
19:56 Heavy Plow
19:45 Pikeman
19:49 Long Swordsman
20:59 Gold Mining
21:58 Gambesons
23:20 Town Watch
27:18 Hand Cart
29:34 Fletching
35:28 Imperial Age
34:39 Town Patrol
35:32 Chain Mail Armor
35:13 Bodkin Arrow
35:54 Iron Casting
35:23 Squires
36:45 Plate Mail Armor
35:38 Two-Handed Swordsman
35:39 Halberdier
35:51 Elite Skirmisher
36:37 Thumb Ring
37:05 Conscription
37:13 Bracer
37:44 Wootz Steel
37:59 Champion
40:15 Medical Corps
39:53 Siege Elephant
41:26 Scale Barding Armor
42:21 Blast Furnace
42:36 Husbandry
Kestuvaffer
9:51 Feudal Age
10:22 Double-Bit Axe
10:21 Horse Collar
16:51 Castle Age
15:29 Man-at-Arms
17:25 Scale Mail Armor
17:35 Forging
17:42 Bow Saw
18:28 Wheelbarrow
18:22 Stone Mining
18:54 Gold Mining
20:46 Gold Shaft Mining
21:23 Hand Cart
20:43 Long Swordsman
21:49 Town Watch
22:56 Squires
23:14 Heavy Plow
24:29 Iron Casting
25:23 Chain Mail Armor
30:58 Imperial Age
30:29 Ballistas
31:38 Heavy Scorpion
32:55 Conscription
34:19 Blast Furnace
34:00 Comitatenses
34:50 Crop Rotation
34:06 Legionary
Connection lost

Rejoining the realm…

Still unreachable

The connection could not be restored.

Session expired

The server has moved on; the page needs a fresh start.